 Dungeon Crawl Stone Soup version 0.30-b1-2-g02819fbbbe (webtiles) character file.

Game seed: 7016919403447041414

21233 CalmDownMonkey the Fighter (level 13, -2/103 HPs)
             Began as a Djinni Air Elementalist on June 6, 2023.
             Was a High Priest of Fedhas.
             Engulfed by a cloud of freezing vapour (37 damage)
             ... on level 3 of the Lair of Beasts on June 11, 2023.
             The game lasted 01:18:55 (16480 turns).

CalmDownMonkey the Fighter (DjAE)                  Turns: 16480, Time: 01:18:56

Health: -2/103     AC: 10    Str: 13    XL:     13   Next: 18%
Gold:   617        EV: 10    Int: 28    God:    Fedhas [*****.] SH:  7 Dex: 14

rFire   + + .        k - +0 short sword (protect)
rCold   x . .        E - +0 kite shield
rNeg    . . .        I - +1 steam dragon scales
rPois   ∞            P - +2 helmet
rElec   .            q - +0 cloak
rCorr   .            (no gloves)
SInv    .            (boots unavailable)
Will    +....        n - amulet of regeneration
Stlth   ++           r - +6 ring of strength
HPRegen 1.17/turn    u - +6 ring of intelligence
MPRegen 0.00/turn

%: infuse magic (-3 HP)
@: flying, studying Fighting
A: sickness immunity, fire resistance 2, cold vulnerability 1, float, innate
caster, HP casting, extra vitality 1
a: Renounce Religion, Wall of Briars, Grow Ballistomycete, Overgrow, Grow Oklob


You were on level 3 of the Lair of Beasts.
You worshipped Fedhas.
Fedhas was extremely pleased with you.
You visited 2 branches of the dungeon, and saw 13 of its levels.
You also visited: Bailey.

You collected 1037 gold pieces.
You spent 420 gold pieces at shops.

Inventory:

Hand Weapons
 k - a +0 short sword of protection (weapon)
   (You took it off a kobold on level 2 of the Dungeon)
 z - a +2 long sword of protection
   (You found it on level 4 of the Dungeon)
 R - a +1 dagger of draining
   (You took it off a goblin on level 8 of the Dungeon)
Missiles
 g - 29 poisoned darts
 N - 2 curare-tipped darts {=f}
Armour
 a - a scarf of invisibility
   (You found it on level 7 of the Dungeon)
 i - a +2 helmet
 q - a +0 cloak (worn)
 E - a +0 kite shield (worn)
 I - +1 steam dragon scales (worn)
 P - a +2 helmet (worn)
Magical Staves
 x - a staff of cold
   (You found it on level 4 of the Dungeon)
Jewellery
 n - an amulet of regeneration (around neck)
   (You bought it in a shop on level 4 of the Dungeon)
 r - a +6 ring of strength (left hand)
   (You found it on level 3 of the Dungeon)
 u - a +6 ring of intelligence (right hand)
   (You found it on level 3 of the Dungeon)
 G - an amulet of reflection
   (You found it on level 6 of the Dungeon)
Wands
 v - a wand of polymorph (7)
 w - a wand of iceblast (9)
 B - a wand of paralysis (12)
 M - a wand of mindburst (18)
 Q - a wand of quicksilver (10)
 U - a wand of flame (9)
Scrolls
 b - 2 scrolls of summoning
 e - 2 scrolls of teleportation
 h - 7 scrolls of enchant weapon
 t - a scroll of magic mapping
 y - 2 scrolls of noise {!r}
 A - 5 scrolls of poison
 C - a scroll of torment {unknown}
 H - a scroll of vulnerability {unknown}
 L - a scroll of blinking {unknown}
 O - 3 scrolls of immolation {unknown}
 S - a scroll of fog {unknown}
Potions
 c - 4 potions of mutation {!q}
 d - 7 potions of heal wounds
 f - 2 potions of haste
 l - 2 potions of might
 m - 6 potions of brilliance
 o - 14 potions of curing
 p - 2 potions of lignification {!q}
 s - 3 potions of attraction {!q}
 D - a potion of ambrosia {unknown}
 F - 2 potions of flight {unknown}
 K - a potion of invisibility {unknown}
 T - a potion of cancellation {unknown}


   Skills:
 + Level 13.2 Fighting
 + Level 5.5 Short Blades
 - Level 2.1 Dodging
 - Level 1.5 Stealth
 + Level 11.0 Spellcasting
 - Level 10.0 Invocations


You knew the following spells:

 Your Spells              Type           Power      Damage    Failure   Level
a - Shock                 Conj/Air       100%       1d9       1%          1
b - Static Discharge      Conj/Air       100%       2-7/arc   1%          2
c - Swiftness             Air            67%        N/A       1%          3
d - Airstrike             Air            33%        2d(5-21)  1%          4
e - Sting                 Tmut/Pois      100%       1d8       1%          1
f - Searing Ray           Conj           100%       2d8       1%          2
g - Poisonous Vapours     Pois/Air       100%       N/A       1%          2
h - Confusing Touch       Hex            67%        N/A       1%          3
i - Cause Fear            Hex            33%        N/A       1%          4
j - Freezing Cloud        Conj/Ice/Air   33%        6-21      4%          5
Your spell library was empty.

Dungeon Overview and Level Annotations

Branches:
Dungeon (10/15)            Temple (0/1) D:5            Lair (3/5) D:10
  Swamp (0/4) Lair:2       Spider (0/4) Lair:2       Bailey (visited)
    Orc: D:9-12

Altars:
Elyvilon
Fedhas
Qazlal
Ru
Wu Jian
Xom
Zin
The Shining One

Shops:
D:4 *   D:5 (

Annotations:
D:6 exclusion: 2 jellies


Innate Abilities, Weirdness & Mutations

You are immune to sickness and miasma.
You are immune to poison.
Your flesh is very heat resistant. (rF++)
You are vulnerable to cold. (rC-)
You float through the air rather than walking.
You learn spells naturally, not from books.
Your magical power is your life essence.
You have superior vitality. (+4 MHP)


Message History

HP restored.
There is a stone staircase leading up here.
Found a scroll labelled FEEWET DASI.
O - 3 scrolls labelled FEEWET DASI (gained 1) Key pressed, stopping explore.
Okay, then.
There is a stone staircase leading down here.
A komodo dragon comes into view.
Found a club.
The komodo dragon hisses angrily.
Casting: Airstrike (mildly dangerous; 1% risk of failure)
Confirm with . or Enter, or press ? or * to list all spells.
Aiming: Airstrike (mildly dangerous; 1% risk of failure)
Press: ? - help, Dir - move target, f - komodo dragon
Aim: a komodo dragon (empty space bonus: 5/8)
The air twists around and strikes the komodo dragon!
The komodo dragon is moderately wounded.
Casting: Airstrike (mildly dangerous; 1% risk of failure)
Confirm with . or Enter, or press ? or * to list all spells.
Aiming: Airstrike (mildly dangerous; 1% risk of failure)
Press: ? - help, Dir - move target, f/p - komodo dragon
Aim: a komodo dragon (moderately wounded, empty space bonus: 6/8)
The air twists around and strikes the komodo dragon!!
The komodo dragon is severely wounded.
Okay, then.
Aiming: Airstrike (mildly dangerous; 1% risk of failure)
Press: ? - help, Q - select action, (/) - cycle Dir - move target, f/p - komodo dragon
Aim: a komodo dragon (severely wounded, empty space bonus: 7/8)
The air twists around and strikes the komodo dragon!
You kill the komodo dragon!
Fedhas appreciates your contribution to the ecosystem.
You fly carefully through the fungus.
You fly carefully through the fungus.
You fly carefully through the plants.
Found a triple sword.
You see here a +0 triple sword.
Found a book of Necromancy.
You see here a +0 triple sword.
An elephant and a lindwurm come into view.
The elephant trumpets!
You hear a bellow!
The lindwurm moves out of view.
Aiming: Airstrike (mildly dangerous; 1% risk of failure)
Press: ? - help, Q - select action, (/) - cycle Dir - move target, f - elephant
Aim: an elephant (empty space bonus: 8/8)
The air twists around and strikes the elephant!!
The elephant is moderately wounded.
The elephant trumpets!
You hear a roar!
You hear a bellow!
Aiming: Airstrike (mildly dangerous; 1% risk of failure)
Press: ? - help, Q - select action, (/) - cycle Dir - move target, f/p - elephant
Aim: an elephant (moderately wounded, empty space bonus: 8/8)
The air twists around and strikes the elephant!!
The elephant is severely wounded.
Aiming: Airstrike (mildly dangerous; 1% risk of failure)
Press: ? - help, Q - select action, (/) - cycle Dir - move target, f/p - elephant
Aim: an elephant (severely wounded, empty space bonus: 8/8)
The air twists around and strikes the elephant!
The elephant is severely wounded.
Aiming: Airstrike (mildly dangerous; 1% risk of failure)
Press: ? - help, Q - select action, (/) - cycle Dir - move target, f/p - elephant
Aim: an elephant (severely wounded, empty space bonus: 7/8)
The air twists around and strikes the elephant!
The elephant is almost dead.
Aiming: Airstrike (mildly dangerous; 1% risk of failure)
Press: ? - help, Q - select action, (/) - cycle Dir - move target, f/p - elephant
Aim: an elephant (almost dead, empty space bonus: 6/8)
The air twists around and strikes the elephant!
You kill the elephant!
Fedhas appreciates your contribution to the ecosystem.
Aiming: Airstrike (mildly dangerous; 1% risk of failure)
Press: ? - help, Q - select action, (/) - cycle Dir - move target, f - lindwurm
Aim: a lindwurm (empty space bonus: 7/8)
The air twists around and strikes the lindwurm!
The lindwurm is lightly wounded.
The lindwurm breathes flames at you. The blast of flame hits you! You resist.
Aiming: Airstrike (mildly dangerous; 1% risk of failure)
Press: ? - help, Q - select action, (/) - cycle Dir - move target, f/p - lindwurm
Aim: a lindwurm (lightly wounded, catching its breath, empty space bonus: 6/8)
The air twists around and strikes the lindwurm!
The lindwurm is heavily wounded.
Aiming: Airstrike (mildly dangerous; 1% risk of failure)
Press: ? - help, Q - select action, (/) - cycle Dir - move target, f/p - lindwurm
Aim: a lindwurm (heavily wounded, catching its breath, empty space bonus: 6/8)
The air twists around and strikes the lindwurm!
The lindwurm is severely wounded.
Casting: Airstrike (mildly dangerous; 1% risk of failure)
Confirm with . or Enter, or press ? or * to list all spells.
Aiming: Freezing Cloud (dangerous; 4% risk of failure)
Press: ? - help, Dir - move target, f/p - lindwurm
Aim: a lindwurm (severely wounded, catching its breath) That beam is likely to hit you.
Continue anyway?
You are engulfed in freezing vapours.
The elephant is engulfed in freezing vapours.
The lindwurm is engulfed in freezing vapours.
The lindwurm bites you but does no damage.
The lindwurm claws you. The lindwurm barely misses you.
You are engulfed in freezing vapours.
You die...
Fedhas appreciates your contribution to the ecosystem.

#..:.........
#......k...
#........Y #........
....§§. #.§Y## #§k##
#§§§# #)@## ##.#
#.### #...# #...#
##.## #.##### ##
######...#.# #.#.#.
#.##P.....######.....


You could see an elephant and a lindwurm (catching breath).

Vanquished Creatures
  A hydra (Lair:2)
  A two-headed ogre (D:10)
  An orc knight (Bailey)
  A cyclops (D:7)
  6 elephants
  2 black mambas
  3 cane toads
  A rime drake (Lair:3)
  2 unseen horrors (D:10)
  2 komodo dragons
  Prince Ribbit (D:7)
  A polar bear (Lair:3)
  Grinder (D:4)
  7 blink frogs
  A jumping spider (Lair:2)
  3 wyverns
  30 yaks
  3 basilisks
  2 steam dragons
  2 redbacks (Lair:2)
  7 vampire mosquitoes (Lair:2)
  An acid dragon (D:9)
  4 water moccasins
  11 orc warriors
  3 ice beasts
  2 sky beasts (D:7)
  A black bear (D:7)
  4 ogres
  11 wolves
  5 centaurs
  3 kobold brigands
  9 bullfrogs
  4 scorpions
  4 wights (D:7)
  2 howler monkeys
  A hound (D:5)
  3 orc priests
  3 gnoll boudas (D:7)
  6 iguanas
  Ijyb (D:3)
  8 orc wizards
  A gnoll (D:1)
  8 adders
  A shadow imp (D:6)
  A white imp (D:7)
  3 dart slugs
  38 orcs
  9 bats
  2 endoplasms (D:2)
  A giant cockroach (D:1)
  4 hobgoblins
  4 jackals
  A quokka (D:3)
  8 ball pythons
  4 frilled lizards
  6 goblins
  23 kobolds
  3 rats
281 creatures vanquished.

Vanquished Creatures (collateral kills)
  A wolf (Lair:1)
  3 ballistomycete spores (Lair:1)
4 creatures vanquished.

Vanquished Creatures (others)
  A bush (Lair:2)
  15 fungi
  42 plants
58 creatures vanquished.

Grand Total: 343 creatures vanquished

Notes
Turn   | Place    | Note
-------+----------+-------------------------------------------
     0 | D:1      | CalmDownMonkey the Djinni Air Elementalist began the quest
                  | for the Orb.
     0 | D:1      | CalmDownMonkey set off with the following spells memorised:
                  | Shock, Static Discharge, Swiftness, Airstrike.
     0 | D:1      | Reached XP level 1. HP: 15/15 MP: 0/0
   322 | D:1      | Reached XP level 2. HP: 20/21 MP: 0/0
   535 | D:1      | Reached skill level 3 in Spellcasting
   731 | D:1      | Reached XP level 3. HP: 20/25 MP: 0/0
   731 | D:1      | Learned a level 1 spell: Sting
  1198 | D:2      | Reached XP level 4. HP: 27/31 MP: 0/0
  1650 | D:2      | Reached skill level 4 in Spellcasting
  1985 | D:3      | Found a blossoming altar of Fedhas.
  2114 | D:3      | Noticed an ogre
  2123 | D:3      | HP: 3/31 [/static electricity (3)]
  2132 | D:3      | Killed an ogre
  2133 | D:3      | Reached XP level 5. HP: 24/35 MP: 0/0
  2133 | D:3      | Learned a level 2 spell: Searing Ray
  2244 | D:3      | Found a shimmering altar of Xom.
  2326 | D:3      | Reached XP level 6. HP: 31/40 MP: 0/0
  2328 | D:3      | Reached skill level 5 in Spellcasting
  2545 | D:3      | Noticed Ijyb
  2557 | D:3      | Killed Ijyb
  2729 | D:3      | Became a worshipper of Fedhas Madash
  2780 | D:3      | Reached skill level 1 in Fighting
  2915 | D:4      | Noticed Grinder
  2916 | D:4      | Noticed an ogre
  2930 | D:4      | Killed Grinder
  2931 | D:4      | Reached skill level 2 in Fighting
  2931 | D:4      | Reached skill level 1 in Invocations
  2931 | D:4      | Reached XP level 7. HP: 38/49 MP: 0/0
  2931 | D:4      | Learned a level 2 spell: Poisonous Vapours
  3063 | D:4      | Reached skill level 3 in Fighting
  3266 | D:4      | Found Fiyk's General Store.
  3382 | D:4      | Found a glowing silver altar of Zin.
  3382 | D:4      | Found a white marble altar of Elyvilon.
  3393 | D:4      | Reached * piety under Fedhas
  3394 | D:4      | Reached skill level 2 in Invocations
  3737 | D:5      | Entered Level 5 of the Dungeon
  3747 | D:5      | Reached XP level 8. HP: 11/57 MP: 0/0
  3925 | D:5      | Reached skill level 6 in Spellcasting
  4100 | D:5      | Reached skill level 4 in Fighting
  4151 | D:5      | Found a staircase to the Ecumenical Temple.
  4206 | D:5      | Found a stormy altar of Qazlal.
  4637 | D:5      | Found Teffeudu's Antique Weapon Emporium.
  5119 | D:6      | Reached skill level 3 in Invocations
  5361 | D:6      | Reached skill level 5 in Fighting
  5562 | D:6      | Reached XP level 9. HP: 60/65 MP: 0/0
  5562 | D:6      | Learned a level 3 spell: Confusing Touch
  6004 | D:7      | Reached skill level 7 in Spellcasting
  6026 | D:7      | Found a glowing golden altar of the Shining One.
  6043 | D:7      | Identified the +6 trident "Kanetusun" {flame, Fly rPois}
  6054 | D:7      | Reached skill level 6 in Fighting
  6054 | D:7      | Reached skill level 4 in Invocations
  6061 | D:7      | Found a flagged portal.
  6169 | Bailey   | Entered a bailey
  6189 | Bailey   | Reached ** piety under Fedhas
  6528 | Bailey   | Noticed an orc knight
  6550 | Bailey   | Reached skill level 7 in Fighting
  6566 | Bailey   | Killed an orc knight
  6567 | Bailey   | Reached skill level 5 in Invocations
  6567 | Bailey   | Reached XP level 10. HP: 54/75 MP: 0/0
  6717 | Bailey   | Identified a +0 crystal plate armour
  6767 | Bailey   | Reached skill level 8 in Spellcasting
  6883 | Bailey   | Acquired a manual of Fighting
  6911 | D:7      | Reached skill level 8 in Fighting
  7176 | D:7      | Noticed Prince Ribbit
  7179 | D:7      | Killed Prince Ribbit
  7248 | D:7      | Found an ornate altar of the Wu Jian Council.
  7494 | D:7      | Reached *** piety under Fedhas
  7518 | D:7      | Reached skill level 9 in Fighting
  7726 | D:7      | Noticed a cyclops
  7914 | D:7      | Killed a cyclops
  7915 | D:7      | Reached skill level 6 in Invocations
  8333 | D:8      | Identified the +9 lajatang "Eliaps" {heavy, rC+ rCorr}
  8393 | D:8      | Reached skill level 10 in Fighting
  8874 | D:8      | Found a sacrificial altar of Ru.
  9010 | D:8      | Reached XP level 11. HP: 82/85 MP: 0/0
  9010 | D:8      | Learned a level 4 spell: Cause Fear
  9192 | D:9      | Reached skill level 9 in Spellcasting
  9316 | D:9      | Reached **** piety under Fedhas
  9636 | D:8      | Reached skill level 7 in Invocations
 10308 | D:9      | Identified the +5 hand axe "Alaumn" {drain, +Blink rF-
                  | Will+ Stlth+}
 10676 | D:9      | Reached skill level 10 in Spellcasting
 10881 | D:10     | Entered Level 10 of the Dungeon
 10993 | D:10     | Noticed a two-headed ogre
 11003 | D:9      | Reached skill level 8 in Invocations
 11293 | D:10     | Reached skill level 1 in Short Blades
 11935 | D:10     | Killed a two-headed ogre
 11936 | D:10     | Reached skill level 2 in Short Blades
 12065 | D:10     | Found a staircase to the Lair.
 12245 | Lair:1   | Entered Level 1 of the Lair of Beasts
 12276 | Lair:1   | Reached XP level 12. HP: 51/93 MP: 0/0
 12630 | Lair:1   | Reached skill level 11 in Fighting
 12665 | Lair:1   | Reached skill level 3 in Short Blades
 13631 | Lair:2   | Noticed a four-headed hydra
 13670 | Lair:2   | Reached skill level 9 in Invocations
 14301 | Lair:2   | Found a staircase to the Swamp.
 14318 | Lair:2   | Reached skill level 4 in Short Blades
 14548 | Lair:2   | Reached skill level 12 in Fighting
 14733 | Lair:2   | Found a hole to the Spider Nest.
 15273 | D:4      | Bought an amulet of regeneration for 420 gold pieces
 15634 | Lair:2   | Killed a four-headed hydra
 15665 | Lair:2   | HP: 9/96 [elephant (13)]
 15813 | Lair:3   | Reached ***** piety under Fedhas
 15817 | Lair:3   | Reached skill level 5 in Short Blades
 15817 | Lair:3   | Reached XP level 13. HP: 78/102 MP: 0/0
 15817 | Lair:3   | Learned a level 5 spell: Freezing Cloud
 16072 | Lair:3   | Reached skill level 10 in Invocations
 16140 | Lair:3   | Reached skill level 13 in Fighting
 16140 | Lair:3   | Reached skill level 11 in Spellcasting
 16480 | Lair:3   | Engulfed by a cloud of freezing vapour

Illustrated notes

Levels and vault maps discovered:
D:1:      dpeg_arrival_water_fire, layout_basic, serial_forest,
          infiniplex_forest_corner_2, infiniplex_forest_zigzag_1,
          infiniplex_forest_clump_tiny, infiniplex_forest_diagonal,
          infiniplex_forest_clump_double, infiniplex_forest_straight_1,
          infiniplex_forest_side_room, infiniplex_forest_clump_double,
          infiniplex_forest_clump_diagonal
D:2:      minmay_kobold_bridge, layout_loops_ring, kennysheep_boxes
D:3:      layout_loops_cross, lemuel_tele_altar, fedhas_ov_isle_minmay,
          uniq_ijyb
D:4:      layout_rooms, mainiacjoe_overflow_divided_tiny, serial_shops,
          nicolae_shop_window_shopping, uniq_grinder
D:5:      layout_loops_corners, mainiacjoe_overflow_six_doors_small,
          temple_doors_e, serial_shops, shop
D:6:      layout_basic
D:7:      layout_gridville, nzn_wu_jian_contemplation, lemuel_crystal_altar,
          enter_bailey_2, nzn_random_ring, uniq_prince_ribbit1
D:8:      layout_loops_corners, nicolae_ru_great_annihilating_truth
D:9:      layout_cave_pools, mainiacjoe_overflow_brackets
D:10:     layout_rooms, lair_entry_dummy, nicolae_elevator_lobby_asterisk
Lair:1:   layout_regular_city, lemuel_fruit_tree
Lair:2:   layout_regular_city, minmay_swamp_entry_swarm, spider_nest_entry_a
Lair:3:   layout_cave_pods

Skill      XL: |  1  2  3  4  5  6  7  8  9 10 11 12 13 |
---------------+----------------------------------------+-----
Spellcasting   | 3 4 5 6 7 8 10 11 | 11.0
Fighting       | 2 3 5 7 10 12 13 | 13.2
Invocations    | 1 2 3 5 6 8 9 10 | 10.0
Short Blades   | 2 5 |  5.5
Dodging        | |  2.1
Stealth        | |  1.5

Action                     |  1- 3 |  4- 6 |  7- 9 | 10-12 | 13-15 || total
---------------------------+-------+-------+-------+-------+-------++-------
  Melee: Unarmed           |     2 |       |       |       |       ||     2
         Short sword       |     4 |     6 |     9 |    96 |     1 ||   116
         Trident           |       |       |     4 |       |       ||     4
         Dagger            |       |       |       |     4 |       ||     4
         Staff             |       |       |       |       |     1 ||     1
   Cast: Shock             |    42 |    68 |    27 |     8 |       ||   145
         Static Discharge  |     2 |     6 |     2 |     5 |       ||    15
         Sting             |       |     5 |       |       |       ||     5
         Searing Ray       |       |     5 |    18 |    14 |     5 ||    42
         Poisonous Vapours |       |       |    58 |    43 |     3 ||   104
         Airstrike         |       |       |     9 |   265 |    29 ||   303
         Swiftness         |       |       |     2 |     3 |       ||     5
         Cause Fear        |       |       |       |     2 |       ||     2
         Confusing Touch   |       |       |       |     1 |       ||     1
         Freezing Cloud    |       |       |       |       |     2 ||     2
 Invoke: Overgrow          |       |       |       |     1 |       ||     1
    Use: Scroll            |       |     2 |     6 |    13 |       ||    21
         Potion            |       |     1 |       |     1 |       ||     2
   Stab: Sleeping          |     1 |     1 |     1 |       |       ||     3
         Confused          |       |       |       |     4 |       ||     4
 Armour: Robe              |     1 |     1 |     1 |       |       ||     3
         Skin              |       |     4 |       |       |       ||     4
         Steam dragon scal |       |       |     1 |    59 |     7 ||    67
  Dodge: Dodged            |     9 |     9 |    28 |    58 |    11 ||   115
  Block: Kite shield       |       |       |    18 |   117 |     3 ||   138
         Reflection        |       |       |     2 |    12 |       ||    14
         Other             |       |       |     1 |       |       ||     1

Table legend: (Time is in decaauts)
 A = Elapsed time spent in this place.
 B = Non-inter-level travel time spent in this place.
 C = Inter-level travel time spent in this place.
 D = Time resting spent in this place.
 E = Time spent auto-exploring this place.
 F = Levels seen in this place.
 G = Mean time per level.
                   A        B        C        D        E       F      G
               +--------+--------+--------+--------+--------+-----+--------+
         Total |  16506 |  15322 |   1184 |   4052 |   9120 |  14 | 1179.0 |
       Dungeon |  11917 |  10886 |   1031 |   2619 |   6737 |  10 | 1191.7 |
          Lair |   3856 |   3703 |    153 |   1090 |   2157 |   3 | 1285.3 |
        Bailey |    732 |    732 |      0 |    343 |    226 |   1 |  732.0 |
               +--------+--------+--------+--------+--------+-----+--------+

Top non-repeatable levels by time:
  Lair:2: 1707 daAuts
     D:9: 1620 daAuts
     D:7: 1516 daAuts
     D:8: 1505 daAuts
  Lair:1: 1449 daAuts
     D:5: 1420 daAuts
    D:10: 1062 daAuts
     D:3: 1035 daAuts
     D:1: 999 daAuts
     D:6: 981 daAuts
     D:2: 966 daAuts
     D:4: 808 daAuts
  Bailey: 732 daAuts
  Lair:3: 699 daAuts

Table legend:
 A = Kills in this place as a percentage of kills in the entire game.
 B = Kills by you in this place as a percentage of kills by you in the entire game.
 C = Kills by friends in this place as a percentage of kills by friends in the entire game.
 D = Other kills in this place as a percentage of other kills in the entire game.
 E = Experience gained in this place as a percentage of experience gained in the entire game.
 F = Experience gained in this place divided by the number of levels of this place that you have seen.
                   A       B       C       D       E      F
               +-------+-------+-------+-------+-------+----------------------
         Total | 100.0 | 100.0 | 100.0 | 100.0 | 100.0 | 2166.7
       Dungeon |  67.0 |  67.7 |   0.0 |   0.0 |  43.6 | 1321.3
          Lair |  22.0 |  21.1 | 100.0 | 100.0 |  49.8 | 5036.0
        Bailey |  11.0 |  11.1 |   0.0 |   0.0 |   6.6 | 2013.0
               +-------+-------+-------+-------+-------+----------------------

Levels and vault maps discovered:
D:1:      dpeg_arrival_water_fire, layout_basic, serial_forest,
          infiniplex_forest_corner_2, infiniplex_forest_zigzag_1,
          infiniplex_forest_clump_tiny, infiniplex_forest_diagonal,
          infiniplex_forest_clump_double, infiniplex_forest_straight_1,
          infiniplex_forest_side_room, infiniplex_forest_clump_double,
          infiniplex_forest_clump_diagonal
D:2:      minmay_kobold_bridge, layout_loops_ring, kennysheep_boxes
D:3:      layout_loops_cross, lemuel_tele_altar, fedhas_ov_isle_minmay,
          uniq_ijyb
D:4:      layout_rooms, mainiacjoe_overflow_divided_tiny, serial_shops,
          nicolae_shop_window_shopping, uniq_grinder
D:5:      layout_loops_corners, mainiacjoe_overflow_six_doors_small,
          temple_doors_e, serial_shops, shop
D:6:      layout_basic
D:7:      layout_gridville, nzn_wu_jian_contemplation, lemuel_crystal_altar,
          enter_bailey_2, nzn_random_ring, uniq_prince_ribbit1
D:8:      layout_loops_corners, nicolae_ru_great_annihilating_truth
D:9:      layout_cave_pools, mainiacjoe_overflow_brackets
D:10:     layout_rooms, lair_entry_dummy, nicolae_elevator_lobby_asterisk
Lair:1:   layout_regular_city, lemuel_fruit_tree
Lair:2:   layout_regular_city, minmay_swamp_entry_swarm, spider_nest_entry_a
Lair:3:   layout_cave_pods
